 Dungeon Crawl Stone Soup version 0.23.2-1-ga50397a6bc (webtiles) character file.

Game seed: 16609374977339767991

98946 Peloso the Peltast (level 15, -11/136 HPs)
             Began as a Minotaur Fighter on Apr 26, 2019.
             Was a High Priest of Okawaru.
             Killed from afar by Roxanne (30 damage)
             ... with an orb of energy
             ... on level 14 of the Dungeon.
             The game lasted 01:41:02 (31712 turns).

Peloso the Peltast (Minotaur Fighter)              Turns: 31712, Time: 01:41:03

Health: -11/136    AC: 25    Str: 26    XL:     15   Next: 76%
Magic:  15/15      EV: 12    Int:  5    God:    Okawaru [*****.]
Gold:   2340       SH: 24    Dex: 17    Spells: 14/14 levels left

rFire    . . .     SeeInvis .   a - +2 falchion (flame)
rCold    . . .     Gourm    .   U - +0 large shield {reflect}
rNeg     . . .     Faith    +   B - +1 chain mail "Womav" {Dex+4}
rPois    .         Spirit   .   (helmet restricted)
rElec    .         Reflect  +   J - +3 cloak of Meass {Stlth+}
rCorr    +         Harm     .   I - +2 pair of gloves
MR       +....                  Z - +2 pair of boots
Stlth    ..........             X - amulet of faith
HPRegen  0.32/turn              G - +2 ring of dexterity
MPRegen  0.14/turn              N - ring of resist corrosion

@: no status effects
A: retaliatory headbutt, horns 2
a: Heroism, Finesse, Renounce Religion


You were on level 14 of the Dungeon.
You worshipped Okawaru.
Okawaru was extremely pleased with you.
You were hungry.

You visited 4 branches of the dungeon, and saw 23 of its levels.
You also visited: Gauntlet and Volcano.

You collected 2657 gold pieces.
You spent 317 gold pieces at shops.

Inventory:

Hand Weapons
 a - a +2 falchion of flaming (weapon)
 q - the +7 dagger of Success {freeze, Int+3, unknown}
   (You found it on level 13 of the Dungeon)

   It has been specially enchanted to freeze those struck by it, causing extra
   injury to most foes and up to half again as much damage against particularly
   susceptible opponents.
   It can also slow down cold-blooded creatures.
   It affects your intelligence (+3).
 L - a +0 falchion of holy wrath
Armour
 b - a +0 scale mail
 c - a +1 shield of protection
 p - a scarf of spirit shield
 v - a +2 chain mail of fire resistance
 y - a +1 chain mail of cold resistance
 B - the +1 chain mail "Womav" (worn) {Dex+4}
   (You found it on level 7 of the Dungeon)

   It affects your dexterity (+4).
 I - a +2 pair of gloves (worn)
 J - the +3 cloak of Meass (worn) {Stlth+}
   (You found it in a Gauntlet)

   It makes you more stealthy.
 U - a +0 large shield of reflection (worn)
 Z - a +2 pair of boots (worn)
Jewellery
 k - an uncursed ring of protection from cold
 l - an uncursed ring of protection from cold
 o - the ring "Japnuomp" {Str+4 Int+3 Slay-5 SInv}
   (You found it on level 6 of the Lair of Beasts)

   [ring of intelligence]

   It affects your strength (+4).
   It affects your intelligence (+3).
   It affects your accuracy and damage with ranged weapons and melee attacks
   (-5).
   It lets you see invisible.
 G - a +2 ring of dexterity (left hand)
 K - a +6 amulet of reflection
 N - a ring of resist corrosion (right hand)
 Q - an uncursed ring of poison resistance
 R - an uncursed ring of protection from magic
 X - an amulet of faith (around neck)
Wands
 u - a wand of flame (19)
 w - a wand of iceblast (17)
 M - a wand of acid (10)
Scrolls
 e - 5 scrolls of teleportation
 h - 2 scrolls of magic mapping
 i - 3 scrolls of enchant armour {unknown}
 j - 7 scrolls of remove curse
 n - a scroll of amnesia {unknown}
 r - a scroll of identify
 s - 4 scrolls of blinking {unknown}
 x - 2 scrolls of noise
 C - 3 scrolls of enchant weapon {unknown}
 D - a scroll of fear {unknown}
 E - 2 scrolls of immolation {unknown}
 F - 4 scrolls of fog {unknown}
 H - 4 scrolls of random uselessness {unknown}
 P - a scroll of brand weapon {unknown}
 V - a scroll of summoning {unknown}
 Y - a scroll of holy word {unknown}
Potions
 d - 2 potions of might
 g - 3 potions of curing
 m - 3 potions of flight
 t - 2 potions of resistance
 z - 5 potions of agility {unknown}
 A - 5 potions of haste
 O - a potion of berserk rage {unknown}
Comestibles
 f - 30 rations


   Skills:
 + Level 13.2 Fighting
 + Level 16.1 Long Blades
 + Level 14.0 Armour
 + Level 6.8 Dodging
 + Level 2.0 Stealth
 + Level 19.9 Shields
 + Level 2.6 Invocations
 + Level 1.4 Evocations


You had 14 spell levels left.
You didn't know any spells.
Your spell library contained the following spells:

 Spells                   Type           Power        Failure   Level  Hunger
 Corona                   Hex            #......      99%         1    ##.....
 Flame Tongue             Conj/Fire      #....        99%         1    ##.....
 Summon Small Mammal      Summ           #...         99%         1    ##.....
 Call Imp                 Summ           #.......     99%         2    ###....
 Ensorcelled Hibernation  Hex/Ice        #.....       99%         2    ###....
 Throw Flame              Conj/Fire      #.....       99%         2    ###....
 Call Canine Familiar     Summ           #.......     100%        3    ####...
 Confuse                  Hex            #.......     100%        3    ####...
 Conjure Flame            Conj/Fire      #.......     100%        3    ####...
 Dazzling Spray           Conj/Hex       #.....       100%        3    ####...
 Inner Flame              Hex/Fire       #.......     100%        3    ####...
 Ozocubu's Armour         Chrm/Ice       #.......     100%        3    ####...
 Spider Form              Tmut/Pois      #.........   100%        3    ####...
 Summon Guardian Golem    Hex/Summ       #.......     100%        3    ####...
 Tukima's Dance           Hex            #.......     100%        3    ####...
 Olgreb's Toxic Radiance  Pois           #.......     100%        4    #####..
 Sticky Flame             Conj/Fire      #.......     100%        4    #####..
 Summon Ice Beast         Ice/Summ       #.......     100%        4    #####..
 Summon Lightning Spire   Summ/Air       #.......     100%        4    #####..
 Alistair's Intoxication  Tmut/Pois      #.......     100%        5    ######.
 Bolt of Magma            Conj/Fire/Erth #.........   100%        5    ######.
 Fireball                 Conj/Fire      #.........   100%        5    ######.
 Irradiate                Conj/Tmut      #.........   100%        5    ######.
 Iskenderun's Battlesphe  Conj/Chrm      #.......     100%        5    ######.
 Venom Bolt               Conj/Pois      #.........   100%        5    ######.
 Hydra Form               Tmut           #.........   100%        6    #######
 Iron Shot                Conj/Erth      #.........   100%        6    #######
 Statue Form              Tmut/Erth      #........    100%        6    #######
 Dragon Form              Tmut           #.........   100%        7    #######
 Orb of Destruction       Conj           #.........   100%        7    #######
 Spellforged Servitor     Conj/Summ      #.........   100%        7    #######


Dungeon Overview and Level Annotations

Branches:
Dungeon (14/15)            Temple (1/1) D:4            Lair (6/6) D:8
 Shoals (0/4) Lair:4       Spider (0/4) Lair:3        Slime (0/5) Lair:6
    Orc (2/2) D:12            Elf (0/3) Orc:2        Vaults (0/5) D:14

Altars:
Ashenzari
Cheibriados
Dithmenos
Elyvilon
Fedhas
Gozag
Hepliaklqana
Kikubaaqudgha
Makhleb
Nemelex Xobeh
Okawaru
Qazlal
Ru
Sif Muna
Trog
Uskayaw
Vehumet
Wu Jian
Xom
Yredelemnul
Zin
The Shining One
Beogh
Jiyva

Shops:
D:4 ?   Orc:2 !%*%

Annotations:
D:10 3 runed translucent doors, spacedv's ghost, novice TeAE
D:13 exclusion: obsidian statue
D:14 2 transporters, exclusion: Roxanne, Roxanne
Lair:1 exclusion: oklob plant


Innate Abilities, Weirdness & Mutations

You reflexively headbutt those who attack you in melee.
You have a pair of horns on your head.


Message History

Roxanne is almost destroyed.
Roxanne casts a spell.
You blink.
Roxanne casts a spell.
The bolt of magma hits something!!!
Reactivating autopickup.
Found a potion of heal wounds.
You feel like a meek peon again.
Roxanne casts a spell.
The orb of energy hits you!!
Found 14 sling bullets.
Roxanne casts a spell.
You blink.
You see here 18 sling bullets.
Roxanne mumbles some strange words.
The iron shot hits you!!
* * * LOW HITPOINT WARNING * * *
Roxanne mumbles some strange words.
The orb of energy hits you!!
You die...

###
#####............##.#.#..
. #...............#.# .
########.....#.©#.#.. _
#####.##.#.##. .
#######.##.#.#.. .
#..(......## ..} .
#.....8...# .#
#...†.....# . o
##@........# #
#.....$.....# #
#...........#######
...####..................
....(............#.......
.................#.......
#..............###.......
#.........!....# #.......
####...........# #.......


You could see Roxanne.

Vanquished Creatures
  Kirke (D:14)
  Gastronok (Lair:3)
  A reaper (Gauntlet)
  2 entropy weavers
  A minotaur (Gauntlet)
  Harold (D:7)
  5 hydras
  Fannar (D:10)
  A merfolk avatar (Lair:6)
  5 two-headed ogres
  4 death yaks (Lair:3)
  A centaur warrior (D:14)
  A queen ant (Lair:6)
  4 orc high priests
  Urug (D:11)
  A hell knight (Volcano)
  Nergalle (Lair:3)
  3 unseen horrors
  A deep troll (D:14)
  A wizard (D:14)
  Pikel (D:7)
  A harpy (Lair:6)
  8 orc knights
  5 ugly things
  7 orc sorcerers
  A deep elf mage (D:14)
  A wolf spider zombie (D:14)
  4 manticores
  An oklob plant (Orc:2)
  2 cyclopes
  4 elephants
  2 centaur zombies
  A moth of wrath (Gauntlet)
  8 black mambas
  2 molten gargoyles (Volcano)
  A smoke demon (Volcano)
  2 gargoyles (D:12)
  A torpor snail (Lair:4)
  12 spiny frogs
  A kobold demonologist (D:12)
  8 rime drakes
  An ice devil (Gauntlet)
  5 komodo dragons
  A red devil (Volcano)
  9 trolls
  A queen bee (D:8)
  A hornet (shapeshifter) (D:13)
  5 hornets
  3 polar bears
  11 dream sheep
  8 blink frogs
  8 hippogriffs
  A hippogriff (shapeshifter) (D:14)
  A redback (Lair:3)
  A centaur simulacrum (D:14)
  2 wraiths
  2 wyverns
  A shadow (D:11)
  3 hogs (D:14)
  5 fire bats (Volcano)
  A basilisk (Lair:4)
  2 hungry ghosts
  63 yaks
  A steam dragon (Lair:3)
  6 vampire mosquitoes
  Menkaure (D:6)
  Edmund (D:4)
  2 wargs (Orc:2)
  23 soldier ants
  Duvessa (D:3)
  33 water moccasins
  10 porcupines
  A soldier ant (shapeshifter) (D:13)
  29 orc warriors
  2 ice beasts
  5 sky beasts
  An eye of draining (D:8)
  A phantom (D:10)
  3 black bears
  12 ogres
  10 necrophages
  3 centaurs
  37 wolves
  13 crocodiles
  5 big kobolds
  The ghost of P0WERM0DE the Skirmisher, an amateur VSFi (D:3)
  2 gnoll sergeants (D:6)
  A wyvern zombie (D:7)
  16 bullfrogs
  Dowan (D:3)
  A water moccasin skeleton (D:7)
  3 scorpions
  29 killer bees
  8 wights
  2 howler monkeys (D:4)
  3 electric eels
  6 lava snakes (Volcano)
  4 crimson imps
  A quasit (D:11)
  4 bullfrog zombies
  2 bullfrog skeletons
  3 centaur skeletons
  3 hounds
  19 orc priests
  6 jellies
  3 iguanas
  22 orc wizards
  26 worker ants
  3 hound zombies
  2 hound skeletons
  A mummy (D:7)
  A howler monkey zombie (D:7)
  5 worker ant zombies
  9 gnolls (D:6)
  14 adders
  4 shadow imps
  4 white imps
  2 adder zombies
  An ooze (D:1)
  An adder skeleton (D:4)
  A worm (D:4)
  A dart slug (D:1)
  A leopard gecko (D:1)
  82 orcs
  9 bats
  4 giant cockroaches
  8 goblins
  8 hobgoblins
  13 jackals
  28 kobolds
  5 quokkas
  2 ball pythons (D:2)
  8 frilled lizards
  3 leopard gecko skeletons (D:4)
  11 rats
  A bush (D:9)
  A fungus (Lair:5)
844 creatures vanquished.

Vanquished Creatures (others)
  A red devil (Volcano)
  3 humans (D:14)
  A sky beast (D:14)
  2 slaves (D:8)
  An orc warrior (Orc:1)
  3 centaurs
  A crimson imp (D:8)
  2 shadow imps (D:13)
  A white imp (D:13)
  An ufetubus (D:13)
  9 fungi
  20 plants
45 creatures vanquished.

Grand Total: 889 creatures vanquished

Notes
Turn   | Place    | Note
-------+----------+-------------------------------------------
     0 | D:1      | Peloso the Minotaur Fighter began the quest for the Orb.
     0 | D:1      | Reached XP level 1. HP: 19/19 MP: 0/0
    44 | D:1      | Reached XP level 2. HP: 27/27 MP: 1/1
   433 | D:1      | Reached skill level 4 in Shields
   433 | D:1      | Reached XP level 3. HP: 30/33 MP: 2/2
   786 | D:2      | Found a shattered altar of Ashenzari.
  1025 | D:2      | Reached XP level 4. HP: 24/41 MP: 3/3
  1877 | D:3      | Found a runed translucent door.
  1877 | D:3      | Noticed P0WERM0DE's ghost (amateur VSFi)
  1961 | D:4      | Noticed Duvessa
  1965 | D:4      | Noticed Dowan
  1994 | D:3      | Killed Duvessa
  1994 | D:3      | Reached skill level 1 in Dodging
  1994 | D:3      | Reached XP level 5. HP: 31/47 MP: 4/4
  2001 | D:3      | Reached skill level 5 in Armour
  2015 | D:3      | Killed Dowan
  2015 | D:3      | Reached skill level 5 in Long Blades
  2015 | D:3      | Reached XP level 6. HP: 24/53 MP: 5/5
  2214 | D:4      | Noticed Edmund
  2231 | D:4      | Killed Edmund
  2399 | D:4      | Found a staircase to the Ecumenical Temple.
  2417 | Temple   | Entered the Ecumenical Temple
  2667 | D:4      | Reached skill level 5 in Shields
  2667 | D:4      | Reached XP level 7. HP: 51/60 MP: 6/6
  2711 | D:4      | Found an iron altar of Okawaru.
  2719 | D:4      | Became a worshipper of Warmaster Okawaru
  3104 | D:4      | Found Pehogo's Magic Scroll Shoppe.
  3115 | D:4      | Bought a scroll of teleportation for 42 gold pieces
  3115 | D:4      | Bought a scroll of noise for 14 gold pieces
  3115 | D:4      | Bought a scroll of remove curse for 42 gold pieces
  3115 | D:4      | Bought a scroll of identify for 28 gold pieces
  3212 | D:4      | Reached skill level 5 in Fighting
  3363 | D:5      | Entered Level 5 of the Dungeon
  3607 | D:5      | Reached * piety under Okawaru
  3848 | D:5      | Reached XP level 8. HP: 63/69 MP: 7/7
  4018 | D:6      | Reached skill level 6 in Shields
  4315 | D:6      | Found a deep blue altar of Sif Muna.
  4361 | D:6      | Found a shimmering altar of Xom.
  4361 | D:6      | Noticed Menkaure
  4367 | D:6      | Killed Menkaure
  4407 | D:6      | Reached ** piety under Okawaru
  4497 | D:6      | Reached skill level 7 in Shields
  5214 | D:7      | Noticed Harold
  5255 | D:6      | Reached XP level 9. HP: 9/78 MP: 5/8
  5595 | D:6      | Reached skill level 8 in Shields
  5797 | D:7      | Killed Harold
  5797 | D:7      | Reached *** piety under Okawaru
  5832 | D:7      | Reached skill level 1 in Evocations
  5842 | D:7      | Reached skill level 1 in Invocations
  5868 | D:7      | Reached skill level 9 in Shields
  6467 | D:7      | Got a dazzling chain mail
  6478 | D:7      | Identified the cursed +1 chain mail "Womav" {Dex+4} (You
                  | found it on level 7 of the Dungeon)
  6643 | D:8      | Noticed Pikel
  6672 | D:7      | Killed Pikel
  6672 | D:7      | Reached **** piety under Okawaru
  6672 | D:7      | Reached skill level 10 in Long Blades
  6672 | D:7      | Reached XP level 10. HP: 37/83 MP: 10/10
  6925 | D:8      | Found a staircase to the Lair.
  7188 | D:8      | HP: 4/83 [orc priest/divine providence (11)]
  7928 | D:8      | Found a basalt altar of Yredelemnul.
  7928 | D:8      | Found a sparkling altar of Nemelex Xobeh.
  8058 | D:8      | Reached ***** piety under Okawaru
  8208 | D:9      | Reached skill level 10 in Shields
  8351 | D:9      | Reached skill level 1 in Stealth
  8381 | D:9      | Found a blossoming altar of Fedhas.
  8385 | D:9      | You fall through a shaft for 2 floors!
  8403 | D:11     | Noticed a brown ugly thing
  8417 | D:11     | Killed a brown ugly thing
  8417 | D:11     | Reached skill level 10 in Armour
  8472 | D:11     | Noticed a two-headed ogre
  8488 | D:11     | Killed a two-headed ogre
  8488 | D:11     | Received a gift from Okawaru
  8488 | D:11     | Reached skill level 11 in Shields
  8488 | D:11     | Reached XP level 11. HP: 23/94 MP: 11/11
  8834 | D:11     | Found a roughly hewn altar of Beogh.
  8834 | D:11     | Noticed an orc knight
  8866 | D:11     | Killed an orc knight
  8909 | D:10     | Entered Level 10 of the Dungeon
  9620 | D:11     | Noticed Urug
  9639 | D:11     | Killed Urug
  9795 | D:11     | Killed an unseen horror
  9962 | D:11     | Noticed a four-headed hydra
 10009 | D:11     | Killed a one-headed hydra
 10146 | D:10     | Noticed a two-headed ogre
 10159 | D:10     | Killed a two-headed ogre
 10159 | D:10     | Reached skill level 12 in Shields
 10173 | D:10     | Got an iridescent hunting sling
 10314 | D:10     | Received a gift from Okawaru
 10415 | D:10     | Noticed Fannar
 10433 | D:10     | Killed Fannar
 10531 | D:10     | Reached XP level 12. HP: 53/105 MP: 12/12
 11136 | D:10     | Found a runed translucent gate.
 11138 | D:10     | Found a runed translucent gate.
 11138 | D:10     | Found a runed translucent gate.
 11140 | D:10     | Noticed spacedv's ghost (novice TeAE)
 11638 | D:9      | Found a snail-covered altar of Cheibriados.
 11645 | D:9      | Noticed a two-headed ogre
 11650 | D:9      | Killed a two-headed ogre
 12231 | D:3      | Killed P0WERM0DE's ghost
 12359 | Lair:1   | Entered Level 1 of the Lair of Beasts
 12473 | Lair:1   | Received a gift from Okawaru
 12473 | Lair:1   | Reached skill level 10 in Fighting
 12473 | Lair:1   | Reached skill level 13 in Shields
 13566 | Lair:1   | Reached ****** piety under Okawaru
 13971 | Lair:2   | Reached skill level 14 in Shields
 14077 | Lair:2   | Noticed a six-headed hydra
 14136 | Lair:2   | Killed a three-headed hydra
 14136 | Lair:2   | Reached XP level 13. HP: 62/114 MP: 13/13
 14137 | Lair:2   | Identified the +7 hunting sling of the Egg {velocity, MR+}
                  | (You found it on level 10 of the Dungeon)
 14620 | Lair:3   | Noticed Gastronok
 14645 | Lair:3   | Received a gift from Okawaru
 14654 | Lair:3   | Reached skill level 15 in Long Blades
 14664 | Lair:3   | Killed Gastronok
 15003 | Lair:3   | Found a hole to the Spider Nest.
 15058 | Lair:3   | Noticed Nergalle
 15074 | Lair:3   | Killed Nergalle
 16003 | Lair:4   | Reached skill level 15 in Shields
 16052 | Lair:4   | Received a gift from Okawaru
 16200 | Lair:4   | Reached skill level 5 in Dodging
 16952 | Lair:4   | Found a staircase to the Shoals.
 17225 | Lair:4   | Received a gift from Okawaru
 17353 | Lair:5   | Reached skill level 16 in Shields
 17381 | Lair:5   | Found a stormy altar of Qazlal.
 18052 | Lair:6   | Entered Level 6 of the Lair of Beasts
 18109 | Lair:5   | Received a gift from Okawaru
 18112 | Lair:5   | Reached XP level 14. HP: 48/124 MP: 14/14
 19630 | Lair:6   | Noticed an entropy weaver
 19823 | Lair:6   | Received a gift from Okawaru
 19823 | Lair:6   | Reached skill level 17 in Shields
 19876 | Lair:6   | Noticed an entropy weaver
 19918 | Lair:5   | Killed an entropy weaver
 20702 | Lair:6   | Killed an entropy weaver
 20851 | Lair:6   | Received a gift from Okawaru
 21408 | Lair:6   | Got a brightly glowing leather armour
 21668 | Lair:6   | Found a viscous altar of Jiyva.
 21668 | Lair:6   | Found a staircase to the Slime Pits.
 21827 | Lair:6   | Reached skill level 18 in Shields
 21865 | Lair:6   | Got a coiled golden ring
 21889 | Lair:6   | Identified the ring "Japnuomp" {Str+4 Int+3 Slay-5 SInv}
                  | (You found it on level 6 of the Lair of Beasts)
 22288 | D:12     | Found a staircase to the Orcish Mines.
 22559 | D:12     | Identified Liloen's Handbook of Augmentations and
                  | Envenoming
 23244 | D:13     | Found a gate leading to a gauntlet.
 23253 | Gauntlet | Entered a Gauntlet
 23253 | Gauntlet | Found a transporter.
 23265 | Gauntlet | Found a transporter.
 23267 | Gauntlet | Found a transporter.
 23269 | Gauntlet | Found a transporter.
 23286 | Gauntlet | Found a transporter.
 23302 | Gauntlet | Found a transporter.
 23304 | Gauntlet | Found a large runed translucent door.
 23304 | Gauntlet | Found a large runed translucent door.
 23305 | Gauntlet | Found a large runed translucent door.
 23305 | Gauntlet | Found a large runed translucent door.
 23306 | Gauntlet | Found a large runed translucent door.
 23306 | Gauntlet | Found a large runed translucent door.
 23306 | Gauntlet | Found a runed translucent door.
 23306 | Gauntlet | Found a runed translucent door.
 23306 | Gauntlet | Found a large runed translucent door.
 23306 | Gauntlet | Found a large runed translucent door.
 23307 | Gauntlet | Found a large runed translucent door.
 23307 | Gauntlet | Found a large runed translucent door.
 23309 | Gauntlet | Found a transporter.
 23329 | Gauntlet | Found a transporter.
 23343 | Gauntlet | Found a large runed translucent door.
 23344 | Gauntlet | Found a large runed translucent door.
 23345 | Gauntlet | Found a large runed translucent door.
 23346 | Gauntlet | Found a runed translucent gate.
 23347 | Gauntlet | Found a transporter.
 23347 | Gauntlet | Found a runed translucent gate.
 23348 | Gauntlet | Found a runed translucent gate.
 23349 | Gauntlet | Found a large runed translucent door.
 23350 | Gauntlet | Found a large runed translucent door.
 23351 | Gauntlet | Found a large runed translucent door.
 23359 | Gauntlet | Found a transporter.
 23362 | Gauntlet | Noticed a reaper
 23368 | Gauntlet | Found a transporter.
 23383 | Gauntlet | Found a transporter.
 23421 | Gauntlet | Found a transporter.
 23423 | Gauntlet | Found a transporter.
 23423 | Gauntlet | Found a transporter.
 23447 | Gauntlet | Found a transporter.
 23452 | Gauntlet | Found a transporter.
 23503 | Gauntlet | Found a transporter.
 24246 | Gauntlet | Killed a reaper
 24246 | Gauntlet | Reached XP level 15. HP: 103/134 MP: 10/15
 24267 | Gauntlet | Got a crude cloak
 24278 | Gauntlet | Identified the +3 cloak of Meass {Stlth+} (You found it in
                  | a Gauntlet)
 24916 | D:13     | Received a gift from Okawaru
 24923 | D:13     | Got a shimmering dagger
 26503 | Orc:1    | Entered Level 1 of the Orcish Mines
 26829 | Orc:2    | Entered Level 2 of the Orcish Mines
 26886 | Orc:2    | Found a dark tunnel.
 26966 | Volcano  | Entered a volcano
 27528 | Volcano  | Found a burning altar of Makhleb.
 27570 | Volcano  | Reached skill level 19 in Shields
 27583 | Volcano  | HP: 6/134 [red ugly thing (18)]
 28971 | Orc:2    | Found a staircase to the Elven Halls.
 29308 | Orc:2    | Paralysed by an orc sorcerer for 3 turns
 29830 | Orc:2    | Paralysed by an orc sorcerer for 7 turns
 30047 | Orc:2    | Found Diroz's Food Shop.
 30047 | Orc:2    | Found Buer Sufry's Assorted Antiques.
 30049 | Orc:2    | Found Amimnex's Food Shop.
 30049 | Orc:2    | Found Toax's Distillery.
 30061 | Orc:2    | Bought a scroll labeled TUUPAXTITTE for 17 gold pieces
 30061 | Orc:2    | Bought a scroll labeled ADGHE LAUDOUCOLL for 17 gold pieces
 30061 | Orc:2    | Bought a scroll labeled TUUPAXTITTE for 17 gold pieces
 30066 | Orc:2    | Bought a potion of haste for 140 gold pieces
 30562 | Orc:1    | Paralysed by an orc sorcerer for 6 turns
 31066 | D:14     | Noticed Roxanne
 31068 | D:14     | Found a transporter.
 31119 | D:14     | Noticed Kirke
 31150 | D:14     | Killed Kirke
 31150 | D:14     | Received a gift from Okawaru
 31265 | D:14     | Noticed an orc warlord
 31269 | D:14     | Noticed an orc warlord
 31270 | D:14     | Found a roughly hewn altar of Beogh.
 31270 | D:14     | Found a transporter.
 31568 | D:14     | Found a gate to the Vaults.
 31712 | D:14     | Killed from afar by Roxanne

Skill      XL: |  1  2  3  4  5  6  7  8  9 10 11 12 13 14 15 |
---------------+----------------------------------------------+-----
Fighting       | 4 5 6 7 9 10 11 12 13 | 13.2
Armour         | 4 5 6 7 9 10 11 12 13 14 | 14.0
Shields        | 4 5 7 9 11 12 14 16 18 19 | 19.9
Long Blades    | 3 4 5 6 7 8 10 12 13 14 15 16 | 16.1
Dodging        | 1 2 3 4 5 6 |  6.8
Evocations     | 1 |  1.4
Invocations    | 1 2 |  2.6
Stealth        | 1 2 |  2.0

Action                   |  1- 3 |  4- 6 |  7- 9 | 10-12 | 13-15 || total
-------------------------+-------+-------+-------+-------+-------++-------
Melee: Long sword        |    80 |   116 |   363 |       |       ||   559
       Headbutt          |    14 |    22 |    93 |   205 |   844 ||  1178
       Scimitar          |       |       |    18 |   777 |    94 ||   889
       Great sword       |       |       |       |     8 |       ||     8
       Falchion          |       |       |       |       |  2338 ||  2338
Invok: Heroism           |       |       |     3 |     5 |    31 ||    39
Evoke: Wand              |       |       |     4 |     4 |       ||     8
  Use: Scroll            |       |       |     4 |     3 |    14 ||    21
       Potion            |       |       |     2 |     4 |     4 ||    10
  Eat: Chunk             |       |     6 |    13 |    22 |    48 ||    89
       Ration            |       |       |       |     1 |     3 ||     4
Armor: Scale mail        |    34 |    22 |       |       |       ||    56
       Chain mail        |       |    37 |   147 |   313 |   511 ||  1008
       Plate armour      |       |       |    11 |       |       ||    11
Dodge: Dodged            |    27 |    41 |   130 |   230 |   501 ||   929
Block: Shield            |    45 |    75 |   238 |   610 |       ||   968
       Large shield      |       |       |       |       |  2464 ||  2464
       Reflection        |       |       |       |       |    44 ||    44
       Rpst.: Long sword |     8 |     6 |    28 |       |       ||    42
       Scimitar          |       |       |     3 |    60 |     7 ||    70
       Great sword       |       |       |       |     2 |       ||     2
       Falchion          |       |       |       |       |    92 ||    92
